 Dungeon Crawl Stone Soup version 0.21.1-1-g345015f (webtiles) character file.

200 Kairos the Chopper (level 5, -1/47 HPs)
             Began as a Hill Orc Monk on Mar 27, 2018.
             Slain by a wight
             ... wielding a cursed +2 mace
              (5 damage)
             ... on level 2 of the Dungeon.
             The game lasted 00:03:53 (2456 turns).

Kairos the Chopper (Hill Orc Monk)                  Turns: 2456, Time: 00:03:54

Health: -1/47      AC:  6    Str: 15    XL:     5   Next: 79%
Magic:  5/5        EV: 10    Int: 10    God:
Gold:   70         SH:  3    Dex: 13    Spells: 4/4 levels left

rFire    . . .     SeeInvis .   a - +0 hand axe
rCold    . . .     Gourm    .   d - +0 buckler
rNeg     + . .     Faith    .   g - +0 ring mail
rPois    .         Spirit   .   p - +1 hat
rElec    .         Reflect  .   (no cloak)
rCorr    .         Harm     .   (no gloves)
MR       .....                  (no boots)
Stlth    +.........             (no amulet)
HPRegen  0.15/turn              k - ring of positive energy
MPRegen  0.09/turn              (no ring)

@: hasted, drained, very quick
A: no striking features
a: no special abilities


You were on level 2 of the Dungeon.
You were very hungry.

You visited 1 branch of the dungeon, and saw 3 of its levels.

You collected 70 gold pieces.

Inventory:

Hand Weapons
 a - a +0 hand axe (weapon)
 l - a +0 quarterstaff
 n - a +3 quarterstaff of chaos
Armour
 b - a +0 robe
 d - a +0 buckler (worn)
 g - a +0 ring mail (worn)
 p - a +1 hat (worn)
Jewellery
 k - a ring of positive energy (left hand)
Scrolls
 f - a scroll of enchant weapon {unknown}
 h - a scroll of amnesia {unknown}
 i - 2 scrolls of fear {unknown}
 j - a scroll of fog {unknown}
 m - a scroll of noise {unknown}
 o - a scroll of teleportation {unknown}
Comestibles
 c - a ration


   Skills:
 + Level 4.4(3.7) Fighting
 + Level 6.5(5.8) Axes
 + Level 1.3(0.6) Armour
 + Level 3.1(2.5) Dodging
 + Level 1.7(1.1) Stealth
 + Level 0.7(0.1) Shields


You had 4 spell levels left.
You didn't know any spells.

Dungeon Overview and Level Annotations

Branches:
Dungeon (3/15)

Altars:
Yredelemnul


Message History

You barely miss the wight.
The wight is moderately damaged.
You block the wight's attack.
You hit the wight but do no damage.
The wight is moderately damaged.
You hit the wight.
The wight is heavily damaged.
The wight hits you with an enchanted mace.
* * * LOW HITPOINT WARNING * * *
You closely miss the wight.
The wight is heavily damaged.
The wight hits you with an enchanted mace.
* * * LOW HITPOINT WARNING * * *
You partially resist.
You feel drained.
You barely miss the wight.
The wight is moderately damaged.
You hit the wight.
The wight is heavily damaged.
The wight hits you with an enchanted mace.
You die...

# #### ###
#..............##.
###..######.##
#.###......[......
..........#..###.#
#.........###.
#.))...........#.#
#.#+#'###.###.
#..<)..).......#.#
#...#.....#...
#...)..........#.#
###.##......#.
#..............#.#
#.##......#.
#..............#.#
#.##......#.
#..............#@#
####......#.
...............#z#
#.....<(.
#..............#.#
#.......#
#................#
###........
###############..#
#.+.......# #..#
#.#........ #..#
#.#.......# ##>#
#.#.......# #.#
#........†.


You could see a wight.

Vanquished Creatures
  A wight (D:2)
  Crazy Yiuf (D:2)
  Jessica (D:2)
  Robin (D:2)
  A gnoll (D:1)
  2 adders
  An ooze (D:2)
  An adder zombie (D:2)
  6 dart slugs
  2 leopard geckos (D:2)
  4 bats (D:1)
  12 goblins
  5 hobgoblins
  A quokka (D:2)
  3 frilled lizards
  7 kobolds
  4 rats
53 creatures vanquished.

Notes
Turn   | Place    | Note
-------+----------+-------------------------------------------
     0 | D:1      | Kairos the Hill Orc Monk began the quest for the Orb.
     0 | D:1      | Reached XP level 1. HP: 19/19 MP: 1/1
    87 | D:1      | Reached XP level 2. HP: 22/27 MP: 2/2
   794 | D:1      | Reached skill level 5 in Axes
   794 | D:1      | Reached XP level 3. HP: 27/33 MP: 3/3
   951 | D:2      | Noticed Jessica
   964 | D:2      | Killed Jessica
   964 | D:2      | Reached XP level 4. HP: 31/40 MP: 4/4
  1451 | D:2      | Noticed Robin
  1743 | D:2      | Killed Robin
  1743 | D:2      | Reached XP level 5. HP: 46/46 MP: 5/5
  1888 | D:2      | Found a basalt altar of Yredelemnul.
  2007 | D:2      | Found a runed door.
  2274 | D:2      | Noticed Crazy Yiuf
  2283 | D:2      | Killed Crazy Yiuf
  2283 | D:2      | Reached skill level 6 in Axes
  2443 | D:2      | Reached skill level 1 in Armour
  2456 | D:2      | Slain by a wight

Skill      XL: |  1  2  3  4  5 |
---------------+----------------+-----
Fighting       | 4 |  4.4
Axes           | 5 6 |  6.5
Dodging        | 3 |  3.1
Armour         | 1 |  1.3
Stealth        | |  1.7
Shields        | |  0.7

Action                   |  1- 3 |  4- 6 || total
-------------------------+-------+-------++-------
Melee: Hand axe          |    86 |   129 ||   215
  Use: Potion            |       |     1 ||     1
 Stab: Sleeping          |     1 |       ||     1
  Eat: Chunk             |       |     4 ||     4
Armor: Robe              |    15 |       ||    15
       Ring mail         |    11 |    43 ||    54
Dodge: Dodged            |    59 |    77 ||   136
Block: Buckler           |    11 |    21 ||    32
